 Dungeon Crawl Stone Soup version 0.24.0-13-gcf9b3192b9 (webtiles) character file.

Game seed: 7078314365436672775, levelgen mode: deterministic

423 Aviak the Shield-Bearer (level 6, -1/56 HPs)
             Began as a Minotaur Fighter on Nov 9, 2019.
             Slain by a river rat (6 damage)
             ... summoned by Eustachio
             ... on level 4 of the Dungeon.
             The game lasted 00:01:54 (1981 turns).

Aviak the Shield-Bearer (Minotaur Fighter)          Turns: 1981, Time: 00:01:55

Health: -1/56      AC: 12    Str: 23      XL:     6   Next: 63%
Magic:  5/5        EV:  9    Int:  5      God:
Gold:   193        SH: 10    Dex:  8 (9)  Spells: 5/5 levels left

rFire    . . .     SeeInvis +   a - +0 war axe
rCold    . . .     Gourm    .   c - +0 shield
rNeg     . . .     Faith    .   b - +0 scale mail
rPois    .         Spirit   .   (helmet restricted)
rElec    .         Reflect  .   (no cloak)
rCorr    .         Harm     .   (no gloves)
MR       .....                  (no boots)
Stlth    ..........             (no amulet)
HPRegen  0.18/turn              A - +5 ring of protection (curse)
MPRegen  0.09/turn              Z - ring of see invisible

@: no status effects
A: retaliatory headbutt, horns 2
a: no special abilities


You were on level 4 of the Dungeon.
You were hungry.

You visited 1 branch of the dungeon, and saw 4 of its levels.

You collected 193 gold pieces.

Inventory:

Hand Weapons
 a - a +0 war axe (weapon)
Armour
 b - a +0 scale mail (worn)
 c - a +0 shield (worn)
Jewellery
 p - a +5 ring of dexterity {unknown}
 A - a cursed +5 ring of protection (left hand)
 Z - a ring of see invisible (right hand)
Wands
 o - a wand of paralysis (4)
Scrolls
 e - 2 scrolls of enchant armour {unknown}
 h - 4 scrolls of remove curse {unknown}
 i - 5 scrolls of identify {unknown}
 j - a scroll of immolation {unknown}
 k - a scroll of fear {unknown}
 m - a scroll of noise {unknown}
 n - a scroll of enchant weapon {unknown}
Potions
 d - a potion of might
 g - 6 potions of curing {unknown}
 l - 3 potions of degeneration {unknown}
Comestibles
 f - 6 rations


   Skills:
 + Level 5.2 Fighting
 + Level 4.4 Axes
 + Level 5.2 Armour
 + Level 2.7 Dodging
 + Level 5.2 Shields


You had 5 spell levels left.
You didn't know any spells.
Your spell library contained the following spells:

 Spells                   Type           Power        Failure   Level  Hunger
 Animate Skeleton         Necr           N/A          99%         1    ##.....
 Apportation              Tloc           #.....       99%         1    ##.....
 Confusing Touch          Hex            #.....       99%         1    ##.....
 Summon Small Mammal      Summ           #...         99%         1    ##.....


Dungeon Overview and Level Annotations

Branches:
Dungeon (4/15)
 Temple: D:4-7

Altars:
Gozag

Annotations:
D:4 Eustachio


Innate Abilities, Weirdness & Mutations

You reflexively headbutt those who attack you in melee.
You have a pair of horns on your head.


Message History

The river rat bites you but does no damage.
Eustachio casts a spell.
The river rat bites you but does no damage.
You block the river rat's attack.
Unknown command.
You closely miss Eustachio.
Eustachio is severely wounded.
You hit the river rat. You closely miss the river rat.
Eustachio hits you but does no damage. You block the river rat's attack. x2
Unknown command.
You closely miss Eustachio.
Eustachio is severely wounded.
You closely miss the quasit. You closely miss the crimson imp.
You closely miss the river rat. x2; You block the quasit's attack.
The quasit claws you but does no damage. x2
Eustachio hits you with a cursed -1 rapier.
* * * LOW HITPOINT WARNING * * *
The river rat bites you but does no damage.
The river rat bites you.
You die...

#... ##. .# ###. . ..
.# ## .. #. .##
#.##.#######...####
..........#.. ...
#......#.# ..#.#####
#.5r...#.##.# #.....
#.5@r.(.[..# ##....
#.@....#..## ##...
...?.5...#...##
##.###
#.##......####.###.##
# #.###### ##.#.## #.
##.## #. #.# .. #.#
#.#


You could see Eustachio, a quasit, 2 crimson imps and 2 river rats.

Vanquished Creatures
  A hippogriff (D:3)
  A bullfrog skeleton (D:4)
  Jessica (D:3)
  2 orc wizards (D:3)
  4 gnolls (D:3)
  2 adders
  2 oozes (D:3)
  A worm (D:3)
  2 dart slugs (D:3)
  2 leopard geckos
  4 orcs (D:3)
  A giant cockroach (D:3)
  7 goblins
  4 hobgoblins
  3 jackals (D:1)
  2 quokkas
  2 ball pythons
  8 bats
  5 frilled lizards
  8 kobolds
  A rat (D:3)
63 creatures vanquished.

Notes
Turn   | Place    | Note
-------+----------+-------------------------------------------
     0 | D:1      | Aviak the Minotaur Fighter began the quest for the Orb.
     0 | D:1      | Reached XP level 1. HP: 19/19 MP: 0/0
   167 | D:1      | Reached XP level 2. HP: 27/27 MP: 1/1
   644 | D:2      | Reached XP level 3. HP: 33/33 MP: 2/2
   763 | D:2      | Found an opulent altar of Gozag.
  1270 | D:3      | Noticed a hippogriff
  1275 | D:3      | Killed a hippogriff
  1275 | D:3      | Reached XP level 4. HP: 24/41 MP: 3/3
  1275 | D:3      | Reached XP level 5. HP: 27/47 MP: 4/4
  1351 | D:3      | Reached XP level 6. HP: 43/55 MP: 5/5
  1357 | D:3      | Reached skill level 5 in Fighting
  1357 | D:3      | Reached skill level 5 in Armour
  1357 | D:3      | Reached skill level 5 in Shields
  1700 | D:3      | Noticed Jessica
  1706 | D:3      | Killed Jessica
  1944 | D:4      | Noticed Eustachio
  1981 | D:4      | Slain by a river rat

Levels and vault maps discovered:
D:1:      lemuel_arrival_lava_pool, layout_basic, minmay_misc_feat_diagonals
D:2:      layout_loops_ring, grunt_gozag_statues
D:3:      layout_loops_ring, serial_park_tiny_2, minmay_misc_feat_enclosed,
          uniq_jessica
D:4:      layout_loops_cross, uniq_eustachio

Skill      XL: |  1  2  3  4  5  6 |
---------------+-------------------+-----
Fighting       | 4 5 |  5.2
Shields        | 4 5 |  5.2
Armour         | 4 5 |  5.2
Axes           | 3 4 |  4.4
Dodging        | 2 |  2.7

Action                   |  1- 3 |  4- 6 || total
-------------------------+-------+-------++-------
Melee: War axe           |    75 |   102 ||   177
       Headbutt          |     8 |    13 ||    21
  Eat: Chunk             |     1 |     2 ||     3
Armor: Scale mail        |    39 |    99 ||   138
Dodge: Dodged            |    33 |    66 ||    99
Block: Shield            |    42 |    90 ||   132
